 Dungeon Crawl Stone Soup version 0.30-a0-141-g30f27751c5 (webtiles) character file.

Game seed: 17281628167589418387

51 qw the Chopper (level 3, -5/23 HPs)
             Began as a Gargoyle Fighter on Sept 25, 2022.
             Killed by divine providence
             ... invoked by an orc priest
              (12 damage)
             ... on level 3 of the Dungeon.
             The game lasted 00:00:39 (1802 turns).

qw the Chopper (Gargoyle Fighter)                   Turns: 1802, Time: 00:00:40

Health: -5/23      AC: 12    Str: 21    XL:     3   Next: 83%
Magic:  3/3        EV: 13    Int:  8    God:
Gold:   75         SH:  4    Dex:  9    Spells: 2/2 levels left

rFire   . . .      SeeInvis .    Y - +0 war axe (venom)
rCold   . . .      Faith    .    c - +0 buckler
rNeg    + . .      Spirit   .    b - +0 scale mail
rPois   inf        Reflect  .    h - +1 helmet
rElec   +          Harm     .    (no cloak)
rCorr   +          Rampage  .    (no gloves)
Will    .....                    (no boots)
Stlth   ..........               (no amulet)
HPRegen 0.07/turn                f - +4 ring of evasion
MPRegen 0.08/turn                j - ring of resist corrosion

@: no status effects
A: sickness immunity, AC +3, negative energy resistance 1, electricity
resistance, torment resistance 1, petrification resistance
a: no special abilities


You were on level 3 of the Dungeon.
You visited 1 branch of the dungeon, and saw 3 of its levels.

You collected 75 gold pieces.


Innate Abilities, Weirdness & Mutations

You are immune to sickness and miasma.
Your stone body is resilient. (AC +3)
You are immune to poison.
You resist negative energy. (rN+)
You are resistant to electric shocks. (rElec)
You are resistant to unholy torment.
You are immune to petrification.


   Skills:
 - Level 3.2 Fighting
 - Level 3.5 Axes
 + Level 0.6 Throwing
 - Level 3.2 Armour
 - Level 3.2 Shields


You had 2 spell levels left.
You didn't know any spells.
Your spell library was empty.

Inventory:

Hand Weapons
 e - a +0 mace
 Y - a +0 war axe of venom (weapon)
Missiles
 l - 2 javelins (quivered)
Armour
 b - a +0 scale mail (worn)
 c - a +0 buckler (worn)
 h - a +1 helmet (worn)
Jewellery
 a - a ring of positive energy
 f - a +4 ring of evasion (left hand)
 j - a ring of resist corrosion (right hand)
Scrolls
 g - a scroll of teleportation
 i - 5 scrolls of identify
Potions
 d - a potion of might
 k - 2 potions of degeneration {unknown}

Dungeon Overview and Level Annotations

Branches:
Dungeon (3/15)

Altars:


Message History

The hobgoblin hits you but does no damage.
You barely miss the hobgoblin.
The hobgoblin hits you but does no damage.
You hit the hobgoblin.
The hobgoblin is poisoned.
The hobgoblin is lightly wounded.
The hobgoblin closely misses you. The hobgoblin barely misses you.
You barely miss the hobgoblin.
The hobgoblin is heavily wounded.
The hobgoblin misses you.
You closely miss the hobgoblin.
The hobgoblin is severely wounded.
You kill the hobgoblin!
You now have 75 gold pieces (gained 12).
l - 2 javelins (gained 1)
An orc priest, 2 orcs and a hobgoblin come into view.
Found a stone staircase leading up.
The orc shouts!
The orc priest shouts!
The orc shouts!
The hobgoblin shouts!
The orc priest moves out of view.
You hit the orc.
The orc is severely wounded.
The orc misses you.
The orc priest invokes the aid of Beogh against you.
Beogh smites you!
Ouch! That really hurt!
The orc hits you with a +0 flail.
1798 ||| Stepping ~*~*~tactically~*~*~ (hiding).
You hit the orc.
You kill the orc!
You closely miss the hobgoblin.
The hobgoblin hits you but does no damage.
You barely miss the hobgoblin.
The hobgoblin hits you but does no damage.
The orc priest looks satisfied for a moment.
The hobgoblin hits you but does no damage.
You barely miss the hobgoblin. You block the hobgoblin's attack.
The orc priest invokes the aid of Beogh against you.
Beogh smites you!
Ouch! That really hurt!
You die...

#.## #.# #.#
#.#####.###
...(..%...#
(.#####.#.#
##.#.####
#.......#
#.##@##.# #.
#g# #
#...oo..o..<
#..#?##.#...
#..#.# # ...
... #### #.#
..# ###


You could see an orc priest, an orc and a hobgoblin.

Vanquished Creatures
  A dart slug (D:3)
  An orc (D:3)
  4 ball pythons
  6 endoplasms
  3 giant cockroaches
  4 goblins
  5 hobgoblins
  A quokka (D:1)
  4 bats
  2 frilled lizards (D:2)
  7 kobolds
  6 rats
44 creatures vanquished.

Notes
Turn   | Place    | Note
-------+----------+-------------------------------------------
     0 | D:1      | qw the Gargoyle Fighter began the quest for the Orb.
     0 | D:1      | Reached XP level 1. HP: 14/14 MP: 1/1
     0 | D:1      | 0 ||| qw: Version: 0.2-a-10-g399e6c4
     0 | D:1      | 0 ||| qw: Game counter: 313
     0 | D:1      | 0 ||| qw: Always use a shield: true
     0 | D:1      | 0 ||| qw: God list: Okawaru
     0 | D:1      | 0 ||| qw: Allow faded altars: false
     0 | D:1      | 0 ||| qw: Do Orc after D:15 true
     0 | D:1      | 0 ||| qw: Do second Lair branch before Depths: true
     0 | D:1      | 0 ||| qw: Lair rune preference: random
     0 | D:1      | 0 ||| qw: Plans: Normal, Zot:1-4, God:TSO, Crypt, Tomb,
                  | Pan, Slime:5, Hells, Abyss, Orb
     0 | D:1      | 0 ||| PLANNING D:1-11
   494 | D:1      | Reached XP level 2. HP: 19/19 MP: 2/2
   642 | D:1      | 642 ||| Stepping ~*~*~tactically~*~*~ (stealth).
   649 | D:1      | 649 ||| Stepping ~*~*~tactically~*~*~ (stealth).
   679 | D:1      | 679 ||| Stepping ~*~*~tactically~*~*~ (stealth).
   685 | D:1      | 685 ||| Stepping ~*~*~tactically~*~*~ (stealth).
   750 | D:1      | 750 ||| UPGRADING to +4 ring of evasion.
   751 | D:1      | 751 ||| DROPPING ring of flight.
   752 | D:1      | 752 ||| UPGRADING to ring of resist corrosion.
   753 | D:1      | 753 ||| READING scroll labelled OPENLU RYAGG.
   803 | D:1      | 803 ||| READING 4 scrolls labelled MUNWOR UVVUH.
   804 | D:1      | 804 ||| READING scroll labelled JODALY EZISMUC.
   805 | D:1      | 805 ||| READING scroll labelled ATREMI WUEXE.
   842 | D:2      | 842 ||| STAIRDANCE
   886 | D:2      | Found a faded altar of an unknown god.
   888 | D:2      | 888 ||| Stepping ~*~*~tactically~*~*~ (stealth).
   889 | D:2      | 889 ||| Stepping ~*~*~tactically~*~*~ (stealth).
   900 | D:2      | Reached skill level 3 in Axes
   935 | D:2      | Reached XP level 3. HP: 9/23 MP: 3/3
  1188 | D:2      | 1188 ||| Stepping ~*~*~tactically~*~*~ (stealth).
  1345 | D:2      | Identified the +5 dagger of Ponto {vorpal, *Noise Int+5}
  1642 | D:2      | 1642 ||| UPGRADING to +1 helmet.
  1647 | D:2      | 1647 ||| DROPPING amulet of faith.
  1648 | D:2      | 1648 ||| READING scroll labelled WOD OCUFRE.
  1649 | D:2      | 1649 ||| DRINKING 2 puce potions.
  1650 | D:2      | 1650 ||| DROPPING potion of brilliance.
  1798 | D:3      | 1798 ||| Stepping ~*~*~tactically~*~*~ (hiding).
  1802 | D:3      | Killed from afar by an orc priest

Levels and vault maps discovered:
D:1:      dpeg_arrival_more_subterranean_lakeside_camping, layout_basic
D:2:      layout_basic, hellmonk_ecumenical_altar_heavens_door,
          kennysheep_generic_room_14
D:3:      layout_loops_ring, worldfamousw_hep_ancestral_shrine, uniq_grinder,
          uniq_crazy_yiuf_cottage

Skill      XL: |  1  2 |
---------------+-------+-----
Axes           | 2 3 |  3.5
Fighting       | |  3.2
Throwing       | |  0.6
Armour         | |  3.2
Shields        | |  3.2

Action                   || total
-------------------------++-------
Melee: War axe           ||   104
Throw: Javelin           ||     4
  Use: Scroll            ||     5
       Potion            ||     1
Armor: Scale mail        ||    38
Dodge: Dodged            ||    49
Block: Buckler           ||    18

Table legend:
 A = Non-vault XP
 B = Vault XP
 C = Vault XP percentage of total XP
 D = Non-vault monster count
 E = Vault monster count
 F = Vault count percentage of total count
                 A         B        C        D         E       F
            +---------+---------+-------+---------+---------+-------
      Total |      72 |       2 |   2.7 |      43 |       1 |   2.3
            +---------+---------+-------+---------+---------+-------
        D:1 |      25 |       0 |   0.0 |      16 |       0 |   0.0
        D:2 |      27 |       2 |   6.9 |      18 |       1 |   5.3
        D:3 |      20 |       0 |   0.0 |       9 |       0 |   0.0
            +---------+---------+-------+---------+---------+-------
